 Dungeon Crawl Stone Soup version 0.21-a0-496-g696f58f (webtiles) character file.

53 theanonym the Poker (level 3, 4/29 HPs)
             Began as a Demonspawn Monk on Nov 24, 2017.
             Quit the game on level 3 of the Dungeon.
             The game lasted 00:03:02 (2750 turns).

theanonym the Poker (Demonspawn Monk)               Turns: 2750, Time: 00:03:03

Health: 4/29       AC:  6    Str: 11    XL:     3   Next: 64%
Magic:  3/3        EV: 10    Int: 12    God:
Gold:   126        SH:  0    Dex: 15    Spells: 2/2 levels left

rFire    . . .     SeeInvis .   a - +0 spear
rCold    . . .     Gourm    .   (no shield)
rNeg     . . .     Faith    .   d - +0 ring mail
rPois    .         Spirit   .   (no helmet)
rElec    .         Reflect  .   (no cloak)
rCorr    .         Harm     .   (no gloves)
MR       .....                  n - +0 pair of boots (curse)
Stlth    +.........             (no amulet)
HPRegen  0.09/turn              (no ring)
MPRegen  0.08/turn              (no ring)

@: heavily drained
A: claws 1
a: no special abilities


Innate Abilities, Weirdness & Mutations

You have sharp fingernails.


   Skills:
 - Level 3.0(0.6) Fighting
 + Level 4.2(1.8) Polearms
 - Level 2.6(0.3) Dodging
 - Level 1.7(0.0) Stealth


You had 2 spell levels left.
You didn't know any spells.

Skill      XL: |  1  2  3 |
---------------+----------+-----
Polearms       | 3 4 |  4.2
Fighting       | |  3.0
Dodging        | |  2.6
Stealth        | |  1.7

Action                   || total
-------------------------++-------
Melee: Spear             ||   159
  Use: Potion            ||     1
 Stab: Sleeping          ||     5
  Eat: Chunk             ||     2
       Bread ration      ||     1
Armor: Robe              ||     7
       Ring mail         ||    35
Dodge: Dodged            ||    73

Inventory:

Hand Weapons
 a - a +0 spear (weapon)
Missiles
 e - 5 javelins (quivered)
Armour
 b - a +0 robe
 d - a +0 ring mail (worn)
   (You found it on level 2 of the Dungeon)
 i - a +0 scale mail
   (You found it on level 2 of the Dungeon)
 n - a cursed +0 pair of boots (worn)
   (You found it on level 2 of the Dungeon)
Jewellery
 f - an uncursed ring of fire {unknown}
   (You found it on level 1 of the Dungeon)
Scrolls
 g - a scroll of blinking {unknown}
 h - 3 scrolls of teleportation {unknown}
 k - 2 scrolls of magic mapping {unknown}
 l - a scroll of identify {unknown}
 q - a scroll of amnesia {unknown}
 s - a scroll of enchant weapon {unknown}
 t - 2 scrolls of remove curse {unknown}
Potions
 j - a potion of flight {unknown}
 m - a potion of invisibility {unknown}
 o - a potion of berserk rage {unknown}
 p - a potion of curing {unknown}
 r - a potion of agility {unknown}
Comestibles
 c - 4 bread rations

Dungeon Overview and Level Annotations

Branches:
Dungeon (3/15)

Altars:
Elyvilon
Xom


You were on level 3 of the Dungeon.
You were not hungry.

You visited 1 branch of the dungeon, and saw 3 of its levels.

You collected 126 gold pieces.


Message History

An orc comes into view. It is wielding a hand axe.
Found a scroll labeled BETUCI UFFUN.
Attack whom?
Aim: an orc You reach to attack!
Your ring mail prevents you from hitting the orc.
The kobold shouts!
You barely miss the orc. The orc hits you but does no damage.
You hit the orc. The orc hits you but does no damage.
You hit the orc. The orc hits you. The orc barely misses you.
You take 4 damage, and have 25/29 hp.
You closely miss the orc. The orc hits you but does no damage. x2
The orc barely misses you. The kobold hits you.
You take 1 damage, and have 24/29 hp.
You hit the orc. The orc closely misses you.
You hit the orc.
You kill the orc!
You barely miss the orc. You closely miss the orc. The orc barely misses you.
You hit the orc but do no damage. The orc hits you but does no damage.
You closely miss the orc. The orc completely misses you.
You hit the orc. The orc hits you with a dagger.
You take 2 damage, and have 23/29 hp.
You barely miss the orc. The orc hits you but does no damage.
You barely miss the orc. The orc closely misses you.
You hit the orc.
You kill the orc!
You hit the orc. The orc hits you.
You hit the orc but do no damage. The orc hits you.
You closely miss the orc. The orc barely misses you.
You take 2 damage, and have 21/29 hp.
You hit the orc. The orc hits you but does no damage.
You barely miss the orc. You hit the orc but do no damage.
The orc barely misses you.
You hit the orc but do no damage. The orc closely misses you.
You barely miss the orc. The orc hits you but does no damage.
You hit the orc.
You kill the orc!
You hit the kobold but do no damage. The kobold closely misses you.
You hit the kobold.
You kill the kobold!
You hit the orc.
Your ring mail prevents you from hitting the orc.
The orc hits you but does no damage.
You feel drained.
You barely miss the orc.
The orc hits you with a mace of draining.
You feel drained.
You take 2 damage, and have 20/29 hp.
You are too injured to fight recklessly!
You are too injured to fight recklessly!
You are too injured to fight recklessly!
You are too injured to fight recklessly!
You are too injured to fight recklessly!
You are too injured to fight recklessly!
You hit the orc but do no damage. The orc hits you but does no damage.
You feel drained.
You barely miss the orc. You closely miss the orc.
The orc hits you with a mace of draining.
You feel drained.
* * * LOW HITPOINT WARNING * * *
You take 7 damage, and have 13/29 hp.
MASSIVE DAMAGE!!
You hit the orc but do no damage.
The orc hits you with a mace of draining.
* * * LOW HITPOINT WARNING * * *
You feel drained.
You take 1 damage, and have 12/29 hp.
You barely miss the orc.
The orc hits you with a mace of draining.
* * * LOW HITPOINT WARNING * * *
You feel drained.
You barely miss the orc. The orc misses you.
You completely miss the orc.
You take 2 damage, and have 10/29 hp.
You hit the orc.
The orc hits you with a mace of draining.
* * * LOW HITPOINT WARNING * * *
You feel drained.
You hit the orc. The orc hits you but does no damage.
You feel drained.
You hit the orc but do no damage. The orc hits you but does no damage.
You feel drained.
You take 1 damage, and have 9/29 hp.
Unknown command.
Unknown command.
Unknown command.
Unknown command.
Unknown command.
Unknown command.
Unknown command.
Unknown command.
Unknown command.
Unknown command.
Unknown command.
You barely miss the orc.
The orc hits you with a mace of draining.
* * * LOW HITPOINT WARNING * * *
You feel drained.
* * * LOW HITPOINT WARNING * * *
You take 5 damage, and have 4/29 hp.
Okay, then.

####### ##.#.#########
#.....###....# .......
#.###.##.....##.###.##
#.# #.................
#.# ######.###########
#.# #.# # #####.#####
#.# # #.........# #+##
# #.##..###@# #...## #
#.#.# #o##.....# .
##.## #o#....... ..
#..o......
................
.......$.........
#.##..#####...<... ##
#.....# ....##


You could see 2 orcs.

Notes
Turn   | Place    | Note
-------+----------+-------------------------------------------
     0 | D:1      | theanonym the Demonspawn Monk began the quest for the Orb.
     0 | D:1      | Reached XP level 1. HP: 18/18 MP: 1/1
   186 | D:1      | Reached skill level 3 in Polearms
   379 | D:1      | Gained mutation: You have sharp fingernails. [demonic ancestry]
   379 | D:1      | Reached XP level 2. HP: 24/24 MP: 2/2
   975 | D:2      | HP: 12/24 [bat (1)]
  1343 | D:2      | Found a shimmering altar of Xom.
  1344 | D:2      | Found a shimmering altar of Xom.
  1345 | D:2      | Found a shimmering altar of Xom.
  1347 | D:2      | Found a shimmering altar of Xom.
  1498 | D:2      | HP: 11/24 [adder (4)]
  1501 | D:2      | Reached XP level 3. HP: 7/29 MP: 3/3
  1503 | D:2      | HP: 6/29 [poisoned by an adder]
  1509 | D:2      | HP: 5/29 [poisoned by an adder]
  1517 | D:2      | HP: 4/29 [poisoned by an adder]
  2146 | D:3      | Reached skill level 4 in Polearms
  2661 | D:3      | Found a white marble altar of Elyvilon.
  2741 | D:3      | HP: 13/29 [orc/mace of draining (2)]
  2746 | D:3      | HP: 9/29 [orc/mace of draining (1)]
  2749 | D:3      | HP: 4/29 [orc/mace of draining (1)]
  2750 | D:3      | Quit the game

Vanquished Creatures
  2 adders
  A dart slug (D:1)
  A leopard gecko (D:2)
  4 orcs (D:3)
  A giant cockroach (D:2)
  5 goblins
  3 hobgoblins
  A ball python (D:1)
  2 bats (D:2)
  6 kobolds
  2 rats
28 creatures vanquished.
